 Dungeon Crawl Stone Soup version 0.30-a0-222-ge547ba4400 (webtiles) character file.

Game seed: 5393859138417446036

11515 qw the Cleaver (level 11, -7/71 HPs)
             Began as a Gargoyle Fighter on Oct 8, 2022.
             Was a High Priest of Okawaru.
             Killed from afar by a wretched star (13 damage)
             ... with a lance of force
             ... on level 2 of the Abyss.
             The game lasted 00:04:40 (9547 turns).

qw the Cleaver (Gargoyle Fighter)                   Turns: 9547, Time: 00:04:41

Health: -7/71      AC: 29    Str: 19    XL:     11   Next: 78%
Magic:  15/15      EV:  7    Int: 10    God:    Okawaru [*****.]
Gold:   218        SH:  5    Dex:  5    Spells: 10/10 levels left

rFire   . . .      SeeInvis .    Y - +1 broad axe (vorpal)
rCold   . . .      Faith    .    c - +0 buckler
rNeg    + . .      Spirit   .    k - +0 plate armour
rPois   inf        Reflect  .    (no helmet)
rElec   +          Harm     .    (no cloak)
rCorr   .          Rampage  .    m - +0 pair of gloves
Will    +....                    u - +2 pair of boots
Stlth   ..........               (no amulet)
HPRegen 0.00/turn                l - ring of willpower
MPRegen 0.14/turn                (no ring)

@: about to teleport, heroic, inhibited regen
A: sickness immunity, AC +8, negative energy resistance 1, electricity
resistance, torment resistance 1, petrification resistance, [clumsy 2],
[inhibited regeneration], [weak 2]
a: Renounce Religion, Heroism, Finesse, Duel


You were on level 2 of the Abyss.
You worshipped Okawaru.
Okawaru was extremely pleased with you.
You visited 2 branches of the dungeon, and saw 12 of its levels.
You visited the Abyss 1 time.

You collected 695 gold pieces.
You spent 477 gold pieces at shops.


Innate Abilities, Weirdness & Mutations

You are immune to sickness and miasma.
Your stone body is resilient. (AC +8)
You are immune to poison.
You resist negative energy. (rN+)
You are resistant to electric shocks. (rElec)
You are resistant to unholy torment.
You are immune to petrification.
[You are very clumsy. (Dex -4)]
[You do not regenerate when monsters are visible.]
[You are very weak. (Str -4)]


   Skills:
 - Level 9.0(14.0) Fighting
 - Level 12.0(17.0) Axes
 + Level 8.8(13.8) Armour
 - Level 2.0(7.0) Dodging
 - Level 6.0(11.0) Shields
 + Level 6.1 Invocations


You had 10 spell levels left.
You didn't know any spells.
Your spell library was empty.

Inventory:

Hand Weapons
 f - a +0 flail of protection
 Y - a +1 vorpal broad axe (weapon)
Armour
 c - a +0 buckler (worn)
 e - +0 acid dragon scales
 k - a +0 plate armour (worn)
 m - a +0 pair of gloves (worn)
 u - a +2 pair of boots (worn)
Jewellery
 l - a ring of willpower (left hand)
Scrolls
 g - a scroll of teleportation
 p - 9 scrolls of identify
Potions
 a - 4 potions of curing
 h - 2 potions of attraction
 i - a potion of magic
 j - 4 potions of mutation
 n - 5 potions of lignification
 q - 2 potions of haste
 v - a potion of resistance

Dungeon Overview and Level Annotations

Branches:
Dungeon (11/15)            Temple (1/1) D:6             Orc (0/2) D:11
   Lair: D:8-11

Altars:
Ashenzari
Cheibriados
Dithmenos
Elyvilon
Fedhas
Gozag
Hepliaklqana
Kikubaaqudgha
Makhleb
Nemelex Xobeh
Okawaru
Qazlal
Ru
Sif Muna
Trog
Uskayaw
Vehumet
Wu Jian
Xom
Yredelemnul
Zin
The Shining One

Shops:
D:2 *   D:10 !

Annotations:
D:11 Maurice


Message History

The large abomination is lightly damaged.
The large abomination barely misses you.
You slice the large abomination!!
The large abomination is severely damaged.
You hit the large abomination.
The large abomination is severely damaged.
The large abomination barely misses you.
You slice the large abomination!!
You destroy the large abomination!
Okawaru accepts your kill.
A wretched star comes into view.
A smoke demon and a raiju come into view.
The smoke demon roars!
The raiju barks!
The wretched star pulses with an eldritch light!
You feel clumsy. x2; You feel weaker. x2
The smoke demon gestures at you. The ball of steam hits you!!
A raiju comes into view.
The wretched star glows turbulently.
The lance of force hits you but does no damage.
9545 ||| READING 2 scrolls of teleportation.
As you read the scroll of teleportation, it crumbles to dust.
You feel strangely unstable.
You feel the power of the Abyss delaying your translocation!
You are engulfed in a cloud of scalding steam.
The smoke demon gestures at you. You block the sticky flame.
The wretched star pulses with an eldritch light!
Your regeneration stops near monsters.
You slice the smoke demon!!
The smoke demon is almost dead.
You are engulfed in a cloud of scalding steam.
The smoke demon gestures at you.
The ball of steam hits you but does no damage.
You hit the smoke demon but do no damage.
The smoke demon is almost dead.
You are engulfed in a cloud of scalding steam.
The wretched star glows turbulently.
The lance of force hits you!
You die...

# .. .# .. ...
#### #.##.# .
.... ##.#..##
. #.##.##..
...
#.#...#...##.
#....#.....#.#
#...#...#.#.#
#...##..#
##..#@3### .
#...##h.# .
#*.# ..x# #...
...# . #....
.#ยค .... . .#
..#... . .###


You could see a wretched star, a smoke demon, a raiju and a small abomination.

Vanquished Creatures
  Snorg (D:10)
  A manticore (D:11)
  An unseen horror (D:10)
  A hellion (Abyss:2)
  A kobold demonologist (D:10)
  2 ancient zymes (Abyss:2)
  A hellwing (Abyss:2)
  A raiju (Abyss:2)
  Grinder (D:3)
  An air elemental (Abyss:2)
  A small abomination (Abyss:2)
  A wraith (D:9)
  2 shadows (D:11)
  2 large abominations (Abyss:2)
  17 yaks
  Eustachio (D:5)
  Grum (D:8)
  A two-headed ogre zombie (D:11)
  2 water moccasins
  An acid dragon (D:5)
  3 ice beasts
  3 orc warriors
  2 black bears (D:11)
  3 wolves (D:8)
  6 centaurs
  2 ogres
  4 phantoms
  5 bullfrogs
  2 kobold brigands
  A gnoll sergeant (D:10)
  3 scorpions
  4 wights (D:8)
  5 killer bees (D:8)
  3 troll zombies (D:11)
  2 electric eels (D:11)
  7 howler monkeys
  3 hounds
  A gnoll bouda (D:6)
  3 orc priests (D:6)
  A jelly (D:6)
  Jessica (D:3)
  Natasha (twice) (D:3)
  3 iguanas
  8 orc wizards
  4 ogre zombies (D:11)
  8 gnolls
  5 adders
  An ufetubus (Abyss:2)
  4 worms
  3 dart slugs
  29 orcs
  10 ball pythons
  7 bats
  10 endoplasms
  4 goblins
  8 hobgoblins
  3 quokkas
  4 frilled lizards
  A goblin skeleton (D:11)
  A goblin zombie (D:11)
  4 hobgoblin skeletons (D:11)
  4 hobgoblin zombies (D:11)
  17 kobolds
  2 orc skeletons (D:11)
  12 orc zombies (D:11)
  7 rats
  A lurking horror (Abyss:2)
266 creatures vanquished.

Vanquished Creatures (others)
  A small abomination (Abyss:2)
  14 fungi
  31 plants
46 creatures vanquished.

Grand Total: 312 creatures vanquished

Notes
Turn   | Place    | Note
-------+----------+-------------------------------------------
     0 | D:1      | qw the Gargoyle Fighter began the quest for the Orb.
     0 | D:1      | Reached XP level 1. HP: 14/14 MP: 1/1
     0 | D:1      | 0 ||| qw: Version: 0.2-a-17-g79969f3
     0 | D:1      | 0 ||| qw: Game counter: 1974
     0 | D:1      | 0 ||| qw: Always use a shield: true
     0 | D:1      | 0 ||| qw: God list: Okawaru
     0 | D:1      | 0 ||| qw: Allow faded altars: false
     0 | D:1      | 0 ||| qw: Do Orc after D:15 true
     0 | D:1      | 0 ||| qw: Do second Lair branch before Depths: true
     0 | D:1      | 0 ||| qw: Lair rune preference: random
     0 | D:1      | 0 ||| qw: Plans: Normal, Zot:1-4, God:TSO, Crypt, Tomb,
                  | Pan, Slime:5, Hells, Abyss, Orb
     0 | D:1      | 0 ||| PLANNING D:1-11
    16 | D:1      | Reached skill level 2 in Axes
    83 | D:1      | Found a faded altar of an unknown god.
   132 | D:1      | Reached XP level 2. HP: 19/19 MP: 2/2
   137 | D:1      | 137 ||| Stepping ~*~*~tactically~*~*~ (stealth).
   213 | D:1      | 213 ||| Stepping ~*~*~tactically~*~*~ (stealth).
   709 | D:1      | Reached skill level 3 in Axes
   736 | D:1      | 736 ||| READING 2 scrolls labelled ESIANL DANUUS.
   737 | D:1      | 737 ||| READING scroll labelled DUREHEHOUGE.
   738 | D:1      | 738 ||| READING scroll labelled NUSTELU YDUO.
   739 | D:1      | 739 ||| DROPPING scroll of blinking.
   807 | D:2      | Reached XP level 3. HP: 23/23 MP: 3/3
  1053 | D:2      | Found Agised's Assorted Antiques.
  1067 | D:2      | 1067 ||| SHOPLISTING crude helmet (199 gold, have 133).
  1067 | D:2      | 1067 ||| BUYING fizzy cyan potion (18 gold).
  1067 | D:2      | Bought a fizzy cyan potion for 18 gold pieces
  1067 | D:2      | 1067 ||| BUYING fuming purple potion (18 gold).
  1067 | D:2      | Bought a fuming purple potion for 18 gold pieces
  1067 | D:2      | 1067 ||| SHOPLISTING runed ring mail (147 gold, have 97).
  1067 | D:2      | 1067 ||| SHOPLISTING runed war axe (136 gold, have 97).
  1067 | D:2      | 1067 ||| BUYING scroll labelled YRAUWNOIMM (21 gold).
  1067 | D:2      | Bought a scroll labelled YRAUWNOIMM for 21 gold pieces
  1067 | D:2      | 1067 ||| BUYING scroll of identify (42 gold).
  1067 | D:2      | Bought a scroll of identify for 42 gold pieces
  1067 | D:2      | 1067 ||| BUYING white potion (18 gold).
  1067 | D:2      | Bought a white potion for 18 gold pieces
  1524 | D:2      | 1524 ||| UPGRADING to +0 pair of gloves.
  1529 | D:2      | 1529 ||| UPGRADING to +0 chain mail.
  1539 | D:2      | 1539 ||| DROPPING +0 scale mail.
  1540 | D:2      | 1540 ||| UPGRADING to +2 pair of boots.
  1545 | D:2      | 1545 ||| READING 2 scrolls labelled YRAUWNOIMM.
  1546 | D:2      | 1546 ||| READING scroll labelled QETIRGH IDORAS.
  1547 | D:2      | 1547 ||| READING scroll labelled TADELU UKHAUGOF.
  1548 | D:2      | 1548 ||| READING scroll labelled GOIGUY PUDOSM.
  1549 | D:2      | 1549 ||| READING scroll labelled JOOSIS DISYRAJ.
  1550 | D:2      | 1550 ||| READING scroll labelled WAIFAOSUAF.
  1555 | D:2      | 1555 ||| DRINKING 2 white potions.
  1556 | D:2      | 1556 ||| DRINKING 2 fuming purple potions.
  1581 | D:2      | 1581 ||| DROPPING scroll of butterflies.
  1625 | D:3      | Noticed Natasha
  1626 | D:3      | 1626 ||| Stepping ~*~*~tactically~*~*~ (hiding).
  1632 | D:3      | Killed Natasha
  1633 | D:3      | Reached skill level 4 in Axes
  1633 | D:3      | Reached XP level 4. HP: 15/28 MP: 4/4
  1752 | D:3      | 1752 ||| Stepping ~*~*~tactically~*~*~ (stealth).
  1841 | D:3      | Noticed Jessica
  1842 | D:3      | 1842 ||| Stepping ~*~*~tactically~*~*~ (hiding).
  1843 | D:3      | 1843 ||| Stepping ~*~*~tactically~*~*~ (hiding).
  1852 | D:3      | Killed Jessica
  1906 | D:3      | Noticed Grinder
  1907 | D:3      | 1907 ||| Stepping ~*~*~tactically~*~*~ (hiding).
  1909 | D:3      | 1909 ||| Stepping ~*~*~tactically~*~*~ (hiding).
  1923 | D:3      | Killed Grinder
  1924 | D:3      | Reached skill level 5 in Axes
  1924 | D:3      | Reached XP level 5. HP: 18/32 MP: 5/5
  1924 | D:3      | Reached XP level 6. HP: 21/37 MP: 6/6
  2166 | D:3      | Noticed Natasha
  2167 | D:3      | 2167 ||| Stepping ~*~*~tactically~*~*~ (hiding).
  2168 | D:3      | 2168 ||| Stepping ~*~*~tactically~*~*~ (hiding).
  2169 | D:3      | 2169 ||| Stepping ~*~*~tactically~*~*~ (hiding).
  2176 | D:3      | Killed Natasha
  2448 | D:4      | 2448 ||| STAIRDANCE
  2455 | D:4      | 2455 ||| STAIRDANCE
  2630 | D:4      | Reached skill level 6 in Axes
  2632 | D:4      | 2632 ||| FLEEEEING.
  2676 | D:4      | 2676 ||| Stepping ~*~*~tactically~*~*~ (stealth).
  2739 | D:4      | Found a snail-covered altar of Cheibriados.
  2752 | D:4      | 2752 ||| DROPPING +0 mace.
  2820 | D:4      | 2820 ||| Stepping ~*~*~tactically~*~*~ (stealth).
  2829 | D:4      | Reached skill level 1 in Dodging
  2829 | D:4      | Reached XP level 7. HP: 43/43 MP: 7/7
  2844 | D:4      | Found a glowing golden altar of the Shining One.
  2844 | D:4      | Found an opulent altar of Gozag.
  2845 | D:4      | 2845 ||| SWAPPING to +0 broad axe.
  2846 | D:4      | 2846 ||| DROPPING +1 war axe.
  2856 | D:4      | Found a burning altar of Makhleb.
  3073 | D:4      | 3073 ||| DRINKING 2 glowing golden potions.
  3074 | D:4      | 3074 ||| DRINKING 2 murky grey potions.
  3075 | D:4      | 3075 ||| DRINKING 2 bubbling pink potions.
  3083 | D:5      | Entered Level 5 of the Dungeon
  3208 | D:5      | 3208 ||| Stepping ~*~*~tactically~*~*~ (stealth).
  3219 | D:5      | 3219 ||| Stepping ~*~*~tactically~*~*~ (stealth).
  3220 | D:5      | 3220 ||| Stepping ~*~*~tactically~*~*~ (stealth).
  3275 | D:5      | HP: 8/43 [orc warrior/+0 scimitar (6)]
  3276 | D:5      | 3276 ||| DRINKING potion of heal wounds.
  3281 | D:5      | Reached skill level 7 in Axes
  3352 | D:5      | Found a broken altar of Ashenzari.
  3444 | D:5      | Reached XP level 8. HP: 19/49 MP: 8/8
  3452 | D:5      | 3452 ||| FLEEEEING.
  3461 | D:5      | 3461 ||| FLEEEEING.
  3462 | D:5      | 3462 ||| FLEEEEING.
  3463 | D:5      | 3463 ||| FLEEEEING.
  3464 | D:5      | 3464 ||| FLEEEEING.
  3465 | D:5      | 3465 ||| FLEEEEING.
  3471 | D:5      | 3471 ||| FLEEEEING.
  3485 | D:5      | 3485 ||| FLEEEEING.
  3487 | D:5      | 3487 ||| FLEEEEING.
  3488 | D:5      | 3488 ||| FLEEEEING.
  3489 | D:5      | 3489 ||| FLEEEEING.
  3490 | D:5      | 3490 ||| FLEEEEING.
  3491 | D:5      | 3491 ||| FLEEEEING.
  3492 | D:5      | 3492 ||| FLEEEEING.
  3493 | D:5      | 3493 ||| FLEEEEING.
  3494 | D:5      | 3494 ||| FLEEEEING.
  3495 | D:5      | 3495 ||| FLEEEEING.
  3496 | D:5      | 3496 ||| FLEEEEING.
  3497 | D:5      | 3497 ||| FLEEEEING.
  3498 | D:5      | 3498 ||| FLEEEEING.
  3500 | D:5      | 3500 ||| FLEEEEING.
  3501 | D:5      | 3501 ||| FLEEEEING.
  3502 | D:5      | 3502 ||| FLEEEEING.
  3503 | D:5      | 3503 ||| FLEEEEING.
  3504 | D:5      | 3504 ||| FLEEEEING.
  3506 | D:5      | 3506 ||| FLEEEEING.
  3507 | D:5      | 3507 ||| FLEEEEING.
  3509 | D:5      | 3509 ||| FLEEEEING.
  3510 | D:5      | 3510 ||| FLEEEEING.
  3511 | D:5      | 3511 ||| FLEEEEING.
  3512 | D:5      | 3512 ||| FLEEEEING.
  3513 | D:5      | 3513 ||| FLEEEEING.
  3514 | D:5      | 3514 ||| FLEEEEING.
  3515 | D:5      | 3515 ||| FLEEEEING.
  3516 | D:5      | 3516 ||| FLEEEEING.
  3517 | D:5      | 3517 ||| FLEEEEING.
  3518 | D:5      | 3518 ||| FLEEEEING.
  3519 | D:5      | 3519 ||| FLEEEEING.
  3520 | D:5      | 3520 ||| FLEEEEING.
  3521 | D:5      | 3521 ||| FLEEEEING.
  3522 | D:5      | 3522 ||| FLEEEEING.
  3523 | D:5      | 3523 ||| FLEEEEING.
  3524 | D:5      | 3524 ||| FLEEEEING.
  3525 | D:5      | 3525 ||| FLEEEEING.
  3526 | D:5      | 3526 ||| FLEEEEING.
  3527 | D:5      | 3527 ||| FLEEEEING.
  3528 | D:5      | 3528 ||| FLEEEEING.
  3529 | D:5      | 3529 ||| FLEEEEING.
  3530 | D:5      | 3530 ||| FLEEEEING.
  3532 | D:5      | 3532 ||| FLEEEEING.
  3533 | D:5      | 3533 ||| FLEEEEING.
  3534 | D:5      | 3534 ||| FLEEEEING.
  3535 | D:5      | 3535 ||| FLEEEEING.
  3536 | D:5      | 3536 ||| FLEEEEING.
  3538 | D:5      | 3538 ||| FLEEEEING.
  3539 | D:5      | 3539 ||| FLEEEEING.
  3541 | D:5      | 3541 ||| STAIRDANCE
  3556 | D:4      | 3556 ||| READING scroll labelled PIAFUIKAXA.
  3557 | D:4      | 3557 ||| READING 2 scrolls of identify.
  3557 | D:4      | 3557 ||| IDENTIFYING bubbling yellow potion
  3558 | D:4      | 3558 ||| DROPPING potion of berserk rage.
  3787 | D:5      | 3787 ||| Stepping ~*~*~tactically~*~*~ (stealth).
  3813 | D:5      | Found an ancient bone altar of Kikubaaqudgha.
  3827 | D:5      | 3827 ||| DRINKING potion of curing.
  3827 | D:5      | 3827 ||| (to cure confusion)
  3841 | D:5      | Found a snail-covered altar of Cheibriados.
  3841 | D:5      | Found an ornate altar of the Wu Jian Council.
  3843 | D:5      | Found a shimmering altar of Xom.
  3843 | D:5      | Found a radiant altar of Vehumet.
  3843 | D:5      | Found an ornate altar of the Wu Jian Council.
  3986 | D:5      | 3986 ||| FLEEEEING.
  3987 | D:5      | 3987 ||| FLEEEEING.
  4119 | D:5      | Noticed Eustachio
  4132 | D:5      | Killed Eustachio
  4295 | D:5      | 4295 ||| DRINKING 2 viscous purple potions.
  4296 | D:5      | 4296 ||| READING 4 scrolls of identify.
  4296 | D:5      | 4296 ||| IDENTIFYING sedimented emerald potion
  4297 | D:5      | 4297 ||| READING 3 scrolls of identify.
  4297 | D:5      | 4297 ||| IDENTIFYING fizzy cyan potion
  4298 | D:5      | 4298 ||| DROPPING potion of brilliance.
  4299 | D:5      | 4299 ||| DROPPING potion of flight.
  4322 | D:6      | 4322 ||| STAIRDANCE
  4361 | D:6      | 4361 ||| STAIRDANCE
  4388 | D:6      | Reached skill level 8 in Axes
  4425 | D:6      | Reached skill level 6 in Fighting
  4426 | D:6      | 4426 ||| Stepping ~*~*~tactically~*~*~ (stealth).
  4429 | D:6      | 4429 ||| Stepping ~*~*~tactically~*~*~ (stealth).
  4460 | D:6      | Found a staircase to the Ecumenical Temple.
  4462 | D:6      | 4462 ||| PLANNING TEMPLE
  4471 | Temple   | Entered the Ecumenical Temple
  4501 | Temple   | 4501 ||| PLANNING OKAWARU WORSHIP
  4529 | Temple   | Became a worshipper of Warmaster Okawaru
  4530 | Temple   | 4530 ||| PLANNING D:1-11
  4552 | D:6      | 4552 ||| DROPPING +0 whip of electrocution.
  4568 | D:6      | 4568 ||| Stepping ~*~*~tactically~*~*~ (hiding).
  4577 | D:6      | 4577 ||| Stepping ~*~*~tactically~*~*~ (hiding).
  4613 | D:6      | Reached XP level 9. HP: 40/55 MP: 9/9
  4621 | D:6      | Reached skill level 9 in Axes
  5048 | D:6      | 5048 ||| READING scroll labelled GOUN TUEGGUQYO.
  5049 | D:6      | 5049 ||| READING scroll labelled MYAHURY JI DACROA.
  5050 | D:6      | 5050 ||| READING 3 scrolls of identify.
  5050 | D:6      | 5050 ||| IDENTIFYING fuming golden potion
  5186 | D:7      | 5186 ||| Stepping ~*~*~tactically~*~*~ (hiding).
  5201 | D:7      | Reached * piety under Okawaru
  5334 | D:7      | Reached skill level 1 in Invocations
  5396 | D:7      | Found an ancient bone altar of Kikubaaqudgha.
  5619 | D:7      | Noticed a moth of wrath
  5623 | D:7      | Found a bloodstained altar of Trog.
  5624 | D:7      | 5624 ||| INVOKING Heroism.
  5645 | D:7      | 5645 ||| INVOKING Heroism.
  5818 | D:8      | 5818 ||| INVOKING Heroism.
  5927 | D:8      | 5927 ||| INVOKING Heroism.
  5939 | D:8      | Reached skill level 3 in Invocations
  6016 | D:8      | Noticed Grum
  6018 | D:8      | 6018 ||| INVOKING Heroism.
  6027 | D:8      | Killed Grum
  6201 | D:8      | Reached skill level 10 in Axes
  6206 | D:8      | Reached XP level 10. HP: 54/63 MP: 13/13
  6492 | D:8      | 6492 ||| UPGRADING to +0 plate armour.
  6502 | D:8      | 6502 ||| DROPPING +0 chain mail.
  6528 | D:9      | Found an ornate altar of the Wu Jian Council.
  6614 | D:9      | 6614 ||| INVOKING Heroism.
  6691 | D:9      | Reached skill level 6 in Armour
  7014 | D:9      | Reached ** piety under Okawaru
  7019 | D:9      | 7019 ||| INVOKING Heroism.
  7060 | D:9      | 7060 ||| INVOKING Heroism.
  7349 | D:10     | Entered Level 10 of the Dungeon
  7377 | D:10     | Found Miecheuf's Distillery.
  7379 | D:10     | 7379 ||| READING scroll of enchant weapon.
  7379 | D:10     | 7379 ||| ENCHANTING +0 vorpal broad axe.
  7386 | D:10     | 7386 ||| BUYING potion of curing (45 gold).
  7386 | D:10     | Bought a potion of curing for 45 gold pieces
  7386 | D:10     | 7386 ||| BUYING potion of haste (150 gold).
  7386 | D:10     | Bought a potion of haste for 150 gold pieces
  7386 | D:10     | 7386 ||| BUYING potion of heal wounds (75 gold).
  7386 | D:10     | Bought a potion of heal wounds for 75 gold pieces
  7386 | D:10     | 7386 ||| BUYING potion of lignification (45 gold).
  7386 | D:10     | Bought a potion of lignification for 45 gold pieces
  7386 | D:10     | 7386 ||| BUYING potion of lignification (45 gold).
  7386 | D:10     | Bought a potion of lignification for 45 gold pieces
  7457 | D:10     | Identified the +5 chain mail of Insecurity {*Slow Int+7}
  7560 | D:10     | 7560 ||| INVOKING Heroism.
  7680 | D:10     | Noticed a kobold demonologist
  7681 | D:10     | 7681 ||| Stepping ~*~*~tactically~*~*~ (stealth).
  7693 | D:10     | Noticed a rust devil
  7695 | D:10     | Killed a kobold demonologist
  7702 | D:10     | 7702 ||| Stepping ~*~*~tactically~*~*~ (hiding).
  7703 | D:10     | 7703 ||| Stepping ~*~*~tactically~*~*~ (hiding).
  7706 | D:10     | 7706 ||| FLEEEEING.
  7718 | D:10     | 7718 ||| FLEEEEING.
  7719 | D:10     | 7719 ||| FLEEEEING.
  7720 | D:10     | 7720 ||| FLEEEEING.
  7935 | D:10     | 7935 ||| Stepping ~*~*~tactically~*~*~ (stealth).
  7938 | D:10     | 7938 ||| Stepping ~*~*~tactically~*~*~ (stealth).
  7940 | D:10     | 7940 ||| Stepping ~*~*~tactically~*~*~ (stealth).
  7947 | D:10     | 7947 ||| Stepping ~*~*~tactically~*~*~ (stealth).
  7977 | D:10     | Noticed Snorg
  7978 | D:10     | 7978 ||| INVOKING Heroism.
  7982 | D:10     | Killed Snorg
  7982 | D:10     | Reached *** piety under Okawaru
  7983 | D:10     | Reached skill level 11 in Axes
  7997 | D:10     | Killed an unseen horror
  8197 | D:10     | Reached skill level 9 in Fighting
  8197 | D:10     | Reached XP level 11. HP: 71/71 MP: 14/14
  8390 | D:10     | 8390 ||| DROPPING +5 chain mail of Insecurity {*Slow
                  | Int+7}.
  8391 | D:10     | 8391 ||| UPGRADING to ring of willpower.
  8392 | D:10     | 8392 ||| READING 2 scrolls labelled ISTREU LY BUORCH.
  8393 | D:10     | 8393 ||| READING scroll labelled YMPACHEHOQ.
  8394 | D:10     | 8394 ||| DROPPING scroll of amnesia.
  8433 | D:11     | 8433 ||| INVOKING Heroism.
  8504 | D:11     | 8504 ||| Stepping ~*~*~tactically~*~*~ (stealth).
  8540 | D:11     | 8540 ||| INVOKING Heroism.
  8557 | D:11     | 8557 ||| Stepping ~*~*~tactically~*~*~ (stealth).
  8562 | D:11     | 8562 ||| Stepping ~*~*~tactically~*~*~ (stealth).
  8564 | D:11     | 8564 ||| Stepping ~*~*~tactically~*~*~ (stealth).
  8569 | D:11     | 8569 ||| INVOKING Heroism.
  8597 | D:11     | 8597 ||| Stepping ~*~*~tactically~*~*~ (stealth).
  8598 | D:11     | 8598 ||| INVOKING Heroism.
  8599 | D:11     | 8599 ||| Stepping ~*~*~tactically~*~*~ (hiding).
  8606 | D:11     | Noticed Maurice
  8613 | D:11     | Reached **** piety under Okawaru
  8630 | D:11     | 8630 ||| Stepping ~*~*~tactically~*~*~ (stealth).
  8644 | D:11     | Noticed a boulder beetle
  8645 | D:11     | 8645 ||| Stepping ~*~*~tactically~*~*~ (stealth).
  8646 | D:11     | 8646 ||| Stepping ~*~*~tactically~*~*~ (stealth).
  8647 | D:11     | 8647 ||| Stepping ~*~*~tactically~*~*~ (stealth).
  8651 | D:11     | 8651 ||| INVOKING Heroism.
  8670 | D:11     | HP: 9/71 [boulder beetle (10)]
  8671 | D:11     | 8671 ||| READING 4 scrolls of teleportation.
  8672 | D:11     | 8672 ||| DRINKING 4 potions of heal wounds.
  8688 | D:11     | 8688 ||| INVOKING Heroism.
  8700 | D:11     | 8700 ||| Stepping ~*~*~tactically~*~*~ (stealth).
  8701 | D:11     | 8701 ||| Stepping ~*~*~tactically~*~*~ (stealth).
  8713 | D:11     | 8713 ||| INVOKING Heroism.
  8748 | D:11     | 8748 ||| FLEEEEING.
  8750 | D:11     | 8750 ||| FLEEEEING.
  8751 | D:11     | 8751 ||| FLEEEEING.
  8754 | D:11     | 8754 ||| FLEEEEING.
  8755 | D:11     | 8755 ||| FLEEEEING.
  8756 | D:11     | 8756 ||| STAIRDANCE
  8803 | D:11     | 8803 ||| Stepping ~*~*~tactically~*~*~ (stealth).
  8848 | D:11     | 8848 ||| Stepping ~*~*~tactically~*~*~ (stealth).
  8851 | D:11     | 8851 ||| INVOKING Heroism.
  8854 | D:11     | Reached skill level 12 in Axes
  8907 | D:11     | 8907 ||| Stepping ~*~*~tactically~*~*~ (stealth).
  8910 | D:11     | 8910 ||| Stepping ~*~*~tactically~*~*~ (stealth).
  8927 | D:11     | 8927 ||| Stepping ~*~*~tactically~*~*~ (stealth).
  8934 | D:11     | 8934 ||| Stepping ~*~*~tactically~*~*~ (stealth).
  8935 | D:11     | 8935 ||| Stepping ~*~*~tactically~*~*~ (stealth).
  8948 | D:11     | Noticed a manticore
  8949 | D:11     | 8949 ||| Stepping ~*~*~tactically~*~*~ (hiding).
  8952 | D:11     | 8952 ||| INVOKING Heroism.
  8965 | D:11     | Killed a manticore
  9005 | D:11     | 9005 ||| FLEEEEING.
  9093 | D:11     | Found a staircase to the Orcish Mines.
  9136 | D:11     | Reached skill level 6 in Shields
  9183 | D:11     | 9183 ||| Stepping ~*~*~tactically~*~*~ (stealth).
  9184 | D:11     | 9184 ||| Stepping ~*~*~tactically~*~*~ (stealth).
  9239 | D:11     | Noticed a wizard
  9241 | D:11     | 9241 ||| Stepping ~*~*~tactically~*~*~ (hiding).
  9261 | Abyss:2  | Found a corrupted altar of Lugonu.
  9261 | Abyss:2  | Cast into level 2 of the Abyss (a wizard)
  9279 | Abyss:2  | 9279 ||| INVOKING Heroism.
  9295 | Abyss:2  | Noticed a bone dragon
  9295 | Abyss:2  | 9295 ||| Stepping ~*~*~tactically~*~*~ (stealth).
  9297 | Abyss:2  | HP: 12/71 [small abomination (12)]
  9298 | Abyss:2  | 9298 ||| READING 3 scrolls of teleportation.
  9299 | Abyss:2  | 9299 ||| DRINKING 3 potions of heal wounds.
  9307 | Abyss:2  | HP: 4/71 [hellion/damnation (27)]
  9308 | Abyss:2  | 9308 ||| DRINKING 2 potions of heal wounds.
  9309 | Abyss:2  | 9309 ||| DRINKING potion of heal wounds.
  9313 | Abyss:2  | 9313 ||| INVOKING Heroism.
  9469 | Abyss:2  | 9469 ||| Stepping ~*~*~tactically~*~*~ (stealth).
  9470 | Abyss:2  | 9470 ||| Stepping ~*~*~tactically~*~*~ (stealth).
  9482 | Abyss:2  | Reached ***** piety under Okawaru
  9483 | Abyss:2  | 9483 ||| Stepping ~*~*~tactically~*~*~ (stealth).
  9486 | Abyss:2  | 9486 ||| Stepping ~*~*~tactically~*~*~ (stealth).
  9488 | Abyss:2  | Paralysed by an air elemental for 1 turns
  9489 | Abyss:2  | 9489 ||| Stepping ~*~*~tactically~*~*~ (stealth).
  9492 | Abyss:2  | Paralysed by an air elemental for 1 turns
  9495 | Abyss:2  | 9495 ||| INVOKING Heroism.
  9516 | Abyss:2  | 9516 ||| Stepping ~*~*~tactically~*~*~ (hiding).
  9521 | Abyss:2  | 9521 ||| INVOKING Heroism.
  9536 | Abyss:2  | Reached skill level 6 in Invocations
  9541 | Abyss:2  | Noticed a wretched star
  9544 | Abyss:2  | HP: 6/71 [smoke demon/ball of steam (22)]
  9545 | Abyss:2  | 9545 ||| READING 2 scrolls of teleportation.
  9547 | Abyss:2  | Killed from afar by a wretched star

Levels and vault maps discovered:
D:1:      dpeg_arrival_chambers_temple_mockup, layout_loops_cross,
          chequers_ecumenical_altar_island
D:2:      layout_basic, serial_shops, shop
D:3:      layout_basic, uniq_jessica, uniq_natasha, uniq_grinder
D:4:      layout_basic, mainiacjoe_overflow_six_doors_small, bloody_makhleb,
          gammafunk_temple_overflow_statue, dreamdust_mushroom_princess,
          corexii_hall_statues_l, corexii_corridor_pit, grunt_ministairs_9
D:5:      layout_basic, doesnt_xom_only_xom, mainiacjoe_overflow_alcove_4,
          minmay_manual_monstrance, uniq_eustachio
D:6:      layout_cave_pools, minmay_temple_entry_water_ring
D:7:      layout_basic, mainiacjoe_overflow_catwalk, tgw_trog
D:8:      layout_loops_ring, uniq_grum
D:9:      layout_stronghold, mainiacjoe_overflow_chevrons
D:10:     layout_loops_ring, serial_shops, shop, minmay_curled_crystal,
          uniq_snorg
D:11:     layout_long_grid, grunt_lair_entry_orc_guard_hut, zombieorc2_lemuel,
          serial_bayou, serial_bayou_shore_b, serial_bayou_shore_b,
          serial_bayou_shore_a, serial_bayou_ford_a, serial_shops,
          nicolae_shop_behind_doors, uniq_maurice
Temple:   cyrus_circular_temple
Abyss:2:  base: D:8, evilmike_abyss_exit_5

Skill      XL: |  1  2  3  4  5  6  7  8  9 10 11 |
---------------+----------------------------------+-----
Axes           | 2 3 4 5 6 7 8 10 11 12 | 12.0
Fighting       | 4 5 6 7 9 |  9.0
Dodging        | 1 2 |  2.0
Armour         | 4 5 7 8 |  8.8
Shields        | 4 5 6 |  6.0
Invocations    | 4 6 |  6.1

Action                   |  1- 3 |  4- 6 |  7- 9 | 10-12 || total
-------------------------+-------+-------+-------+-------++-------
Melee: War axe           |   143 |    92 |     2 |       ||   237
       Broad axe         |       |       |   291 |   380 ||   671
Invok: Heroism           |       |       |     5 |    18 ||    23
  Use: Scroll            |     9 |       |     7 |     6 ||    22
       Potion            |     2 |       |     6 |     4 ||    12
 Stab: Sleeping          |       |       |     1 |       ||     1
Armor: Scale mail        |    71 |       |       |       ||    71
       Chain mail        |     9 |    57 |   197 |     6 ||   269
       Plate armour      |       |       |       |   280 ||   280
Dodge: Dodged            |    61 |    30 |   128 |    95 ||   314
Block: Buckler           |    24 |     9 |    73 |    66 ||   172

Table legend:
 A = Non-vault XP
 B = Vault XP
 C = Vault XP percentage of total XP
 D = Non-vault monster count
 E = Vault monster count
 F = Vault count percentage of total count
                 A         B        C        D         E       F
            +---------+---------+-------+---------+---------+-------
      Total |   12450 |    4000 |  24.3 |     204 |      61 |  23.0
            +---------+---------+-------+---------+---------+-------
        D:1 |      32 |       0 |   0.0 |      18 |       0 |   0.0
        D:2 |      45 |       0 |   0.0 |      25 |       0 |   0.0
        D:3 |      60 |     334 |  84.8 |      10 |       5 |  33.3
        D:4 |     253 |       0 |   0.0 |      19 |       0 |   0.0
        D:5 |     396 |     611 |  60.7 |      16 |       7 |  30.4
        D:6 |    1110 |       0 |   0.0 |      25 |       0 |   0.0
        D:7 |     593 |       9 |   1.5 |      10 |       5 |  33.3
        D:8 |     958 |     535 |  35.8 |      15 |       4 |  21.1
        D:9 |    1460 |       0 |   0.0 |      19 |       0 |   0.0
       D:10 |    2802 |     920 |  24.7 |      19 |       1 |   5.0
       D:11 |    2296 |    1591 |  40.9 |      18 |      39 |  68.4
    Abyss:2 |    2445 |       0 |   0.0 |      10 |       0 |   0.0
            +---------+---------+-------+---------+---------+-------
